 Dungeon Crawl Stone Soup version 0.30.0-18-gc0e69614cb (webtiles) character file.

Game seed: 4569222580980770961

452 Maxx the Chiller (level 6, -5/27 HPs)
             Began as a Felid Ice Elementalist on May 25, 2023.
             Was a Priest of Qazlal.
             Slain by a gnoll
             ... wielding a +1 spear of venom
             ... led by a gnoll bouda
              (8 damage)
             ... on level 6 of the Dungeon.
             The game lasted 00:15:25 (5264 turns).

Maxx the Chiller (Felid Ice Elementalist)           Turns: 5264, Time: 00:15:26

Health: -5/27      AC:  2    Str:  5    XL:     6   Next: 75%
Magic:  12/14      EV: 18    Int: 21    God:    Qazlal [***...]
Gold:   32         SH:  4    Dex: 15    Spells: 10/14 levels left
                                        Lives:  0   Deaths: 2

rFire   . .          .
                       - Unarmed
rCold   . . .        (shield unavailable)
rNeg    . . .        (body armour unavailable)
rPois   .            (helmet unavailable)
rElec   .            (cloak unavailable)
rCorr   .            (gloves unavailable)
SInv    +            (boots unavailable)
Will    .....        o - amulet of the acrobat
Stlth   ++           (no ring)
HPRegen 0.24/turn    (no ring)
MPRegen 0.14/turn

%: acrobat
@: lethally poisoned (-5 -> -15), flying, quick
A: very small, claws 1, fangs 3, see invisible, speed 1, shaggy fur 2, stealthy
paws, no weapons or thrown items, no armour, multi-lived, antennae 1, clever 1
a: Renounce Religion, Upheaval, Elemental Force


You were on level 6 of the Dungeon.
You worshipped Qazlal.
Qazlal was most pleased with you.
You visited 1 branch of the dungeon, and saw 6 of its levels.

You collected 207 gold pieces.
You spent 175 gold pieces at shops.

Inventory:

Jewellery
 o - an amulet of the acrobat (around neck)
Wands
 a - a wand of paralysis (1)
 i - a wand of polymorph (5)
Scrolls
 b - a scroll of vulnerability
 c - a scroll of amnesia
 d - 6 scrolls of identify
 e - 3 scrolls of noise
 g - 2 scrolls of immolation
 k - a scroll of fog
 l - a scroll of enchant armour
 n - a scroll of teleportation
 p - a scroll of fear
 s - a scroll of summoning
Potions
 f - 3 potions of degeneration
 h - a potion of resistance
 j - 2 potions of might
 m - a potion of mutation


   Skills:
 * Level 2.4 Fighting
 * Level 4.4 Dodging
 * Level 4.7 Stealth
 * Level 2.2 Unarmed Combat
 * Level 4.7 Spellcasting
 * Level 5.7 Ice Magic
 * Level 2.0 Invocations
 * Level 2.1 Evocations


You had 10 spell levels left.
You knew the following spells:

 Your Spells              Type           Power      Damage    Failure   Level
a - Freeze                Ice            100%       1d10      1%          1
b - Frozen Ramparts       Ice            56%        1d9       3%          3

Your spell library contained the following spells:

 Spells                   Type           Power      Damage    Failure   Level
 Ozocubu's Armour         Ice            28%        N/A       3%          3
 Summon Ice Beast         Ice/Summ       16%        N/A       34%         4
 Borgnjor's Revivificati  Necr           2%         N/A       100%        8
 Necromutation            Tmut/Necr      2%         N/A       100%        8
 Death's Door             Necr           2%         N/A       100%        9


Dungeon Overview and Level Annotations

Branches:
Dungeon (6/15)
 Temple: D:4-7

Altars:
Kikubaaqudgha
Qazlal
Ru
Sif Muna
Trog
Xom

Shops:
D:5 ?


Innate Abilities, Weirdness & Mutations

You have sharp claws.
You have razor-sharp teeth.
You have supernaturally acute eyesight. (SInv)
You cover ground quickly. (Speed+)
You are covered in thick fur. (AC +2)
Your paws help you pounce on unaware monsters.
You are incapable of wielding weapons or throwing items.
You cannot wear armour.
You gain extra lives every three experience levels.
You have a pair of small antennae on your head.
Your mind is acute. (Int +4, Str/Dex -1)


Message History

Qazlal accepts your kill.
The gnoll hits you from afar with a +1 spear of venom.
You are poisoned.
The hobgoblin throws a stone.
You block the stone.
You feel very sick.
A bullfrog comes into view.
The gnoll misses you.
The hobgoblin is engulfed in freezing vapours.
You kill the hobgoblin!
Qazlal accepts your kill. The hobgoblin hits you.
Things that are here:
5 stones; a +0 animal skin It was a potion of cancellation.
Your magical effects are unravelling.
You feel magically purged.
You feel a little less mighty now.
You feel sick. The gnoll hits you but does no damage.
You are lethally poisoned!
A gnoll comes into view. It is wielding a +0 whip.
An ufetubus comes into view.
The hobgoblin misses you.
It was a potion of flight.
You feel very buoyant.
You fly up into the air.
* * * LOW HITPOINT WARNING * * *
You feel very sick. The gnoll closely misses you.
The hobgoblin barely misses you.
Unknown command.
Aiming: Freeze (safe; 1% risk of failure)
Press: ? - help, Q - select action, (/) - cycle Shift-Dir - straight line, f - hobgoblin
Aim: a hobgoblin, wearing a +0 animal skin and quivering stones You freeze the hobgoblin!
You kill the hobgoblin!
Qazlal accepts your kill.
* * * LOW HITPOINT WARNING * * *
You feel very sick.
You hear an angry hiss.
The gnoll hits you from afar with a +1 spear of venom!
You die...

.. .. #5
###g###
##.≈.≈(##
#..≈.≈..#
#.~≈g≈~(#
#.≈.§F≈(#
##(.°@.##
#######
#####


You could see a bullfrog, 2 gnolls and an ufetubus.

Vanquished Creatures
  Sigmund (D:5)
  Menkaure (D:5)
  A black bear (D:4)
  Blork the orc (D:5)
  A scorpion (D:5)
  2 hounds (D:5)
  A jelly (D:4)
  An orc priest (D:5)
  4 iguanas
  Jessica (D:3)
  An orc wizard (D:3)
  Robin (D:3)
  6 gnolls
  7 adders
  3 worms
  2 dart slugs (D:4)
  9 orcs
  3 ball pythons
  4 endoplasms
  A giant cockroach (D:2)
  12 goblins
  12 hobgoblins
  10 kobolds
  3 quokkas
  2 bats (D:2)
  A frilled lizard (D:1)
  5 rats
96 creatures vanquished.

Notes
Turn   | Place    | Note
-------+----------+-------------------------------------------
     0 | D:1      | Maxx the Felid Ice Elementalist began the quest for the
                  | Orb.
     0 | D:1      | Reached XP level 1. HP: 7/7 MP: 4/4
   472 | D:1      | Found a faded altar of an unknown god.
   480 | D:1      | Prayed at the altar of an unknown god.
   480 | D:1      | Became a worshipper of Qazlal Stormbringer
   480 | D:1      | Reached * piety under Qazlal
   967 | D:2      | Reached XP level 2. HP: 11/11 MP: 3/6
  1316 | D:2      | Reached skill level 4 in Ice Magic
  1379 | D:2      | Reached XP level 3. HP: 10/15 MP: 4/7
  1410 | D:2      | Learned a level 3 spell: Frozen Ramparts
  2025 | D:3      | Found a shimmering blue altar of Sif Muna.
  2040 | D:3      | Reached XP level 4. HP: 11/18 MP: 0/8
  2262 | D:3      | Noticed Robin
  2275 | D:3      | Reached ** piety under Qazlal
  2280 | D:3      | Killed Robin
  2284 | D:3      | Gained mutation: Your mind is acute. (Int +4, Str/Dex -1)
                  | [potion of mutation]
  2284 | D:3      | Gained mutation: You have a pair of small antennae on your
                  | head. [potion of mutation]
  2291 | D:3      | Reached skill level 1 in Fighting
  2469 | D:3      | Reached skill level 1 in Unarmed Combat
  2690 | D:3      | Noticed Jessica
  2696 | D:3      | Killed Jessica
  2697 | D:3      | Reached XP level 5. HP: 22/22 MP: 6/10
  3153 | D:4      | Noticed a black bear
  3162 | D:4      | Killed a black bear
  3214 | D:4      | Gained mutation: You are covered in thick fur. (AC +2)
                  | [Felid growth]
  3214 | D:4      | Reached XP level 6. HP: 5/25 MP: 7/12
  3470 | D:4      | Reached skill level 1 in Invocations
  4017 | D:5      | Entered Level 5 of the Dungeon
  4051 | D:5      | Reached skill level 5 in Ice Magic
  4051 | D:5      | Reached skill level 1 in Evocations
  4065 | D:5      | Slain by an iguana
  4066 | D:5      | Reached XP level 5. HP: 0/22 MP: 6/11
  4085 | D:5      | Found an ancient bone altar of Kikubaaqudgha.
  4140 | D:5      | Noticed Blork the orc
  4151 | D:5      | Killed Blork the orc
  4152 | D:5      | Reached XP level 6. HP: 26/26 MP: 8/12
  4653 | D:5      | Reached *** piety under Qazlal
  4719 | D:5      | Noticed Menkaure
  4722 | D:5      | Killed Menkaure
  4723 | D:5      | Reached XP level 7. HP: 30/30 MP: 14/14
  4734 | D:5      | Noticed Sigmund
  4745 | D:5      | Killed Sigmund
  4842 | D:5      | Found Wioxatad's Magic Scroll Emporium.
  4848 | D:5      | Bought a scroll of identify for 20 gold pieces
  4848 | D:5      | Bought a scroll of identify for 20 gold pieces
  4848 | D:5      | Bought a scroll of fear for 40 gold pieces
  4848 | D:5      | Bought a scroll of summoning for 95 gold pieces
  4980 | D:5      | Killed from afar by an orc priest
  4981 | D:5      | Reached XP level 6. HP: -2/27 MP: 8/13
  5167 | D:5      | Found a shimmering altar of Xom.
  5169 | D:5      | Found a sacrificial altar of Ru.
  5169 | D:5      | Found a shadowy altar of Dithmenos.
  5199 | D:5      | Found a sacrificial altar of Ru.
  5199 | D:5      | Found a shimmering altar of Xom.
  5199 | D:5      | Found a shimmering blue altar of Sif Muna.
  5247 | D:6      | Found a bloodstained altar of Trog.
  5264 | D:6      | Slain by a gnoll

Illustrated notes

Levels and vault maps discovered:
D:1:      evilmike_arrival_plus, layout_basic,
          shapermc_ecumenical_altar_hornbeckon
D:2:      layout_basic, serial_bayou_lake_a
D:3:      layout_loops_ring, kennysheep_orc_sif_temple, uniq_jessica, uniq_robin
D:4:      layout_loops_ring
D:5:      layout_basic, doesnt_xom_only_xom,
          mainiacjoe_overflow_surrounded_room, serial_shops, shop,
          hangedman_decor_lopped, uniq_menkaure, uniq_sigmund,
          uniq_blork_the_orc
D:6:      layout_cave_pools, trog_hazing_becter, evilmike_ruin_ashenzari,
          nicolae_overflow_crystal_walls, st_stairs_3, kennysheep_flooded_box,
          uniq_pikel

Skill      XL: |  1  2  3  4  5  6 |
---------------+-------------------+-----
Stealth        | 3 4 |  4.7
Dodging        | 3 4 |  4.4
Ice Magic      | 4 5 |  5.7
Fighting       | 1 2 |  2.4
Unarmed Combat | 1 2 |  2.2
Spellcasting   | 3 4 |  4.7
Invocations    | 2 |  2.0
Evocations     | 2 |  2.1

Action                     |  1- 3 |  4- 6 |  7- 9 || total
---------------------------+-------+-------+-------++-------
  Melee: Unarmed           |    45 |    56 |     3 ||   104
         Bite              |     3 |     6 |       ||     9
         Punch             |       |     1 |       ||     1
   Cast: Freeze            |    38 |    58 |     1 ||    97
         Frozen Ramparts   |     3 |    22 |     2 ||    27
  Evoke: Wand              |       |     4 |     1 ||     5
    Use: Scroll            |     3 |     5 |     1 ||     9
         Potion            |     3 |     8 |       ||    11
   Stab: Sleeping          |     3 |       |       ||     3
         Paralysed         |       |     4 |     1 ||     5
 Armour: Skin              |     3 |     4 |       ||     7
  Dodge: Dodged            |    60 |    81 |     5 ||   146
  Block: Other             |     3 |    11 |       ||    14
